 Dungeon Crawl Stone Soup version 0.29.1-2-gbd0b4ee654 (webtiles) character file.

Game seed: 12565664133140081418

61 safid the Shooter (level 3, -9/33 HPs)
             Began as a Minotaur Hunter on Nov 23, 2022.
             Killed from afar by Ijyb (16 damage)
             ... with a bolt of acid
             ... on level 3 of the Dungeon.
             The game lasted 00:02:59 (1773 turns).

safid the Shooter (Minotaur Hunter)                 Turns: 1773, Time: 00:03:00

Health: -9/33      AC:  0    Str: 15    XL:     3   Next: 83%
Magic:  2/2        EV: 12    Int:  6    God:
Gold:   121        SH:  0    Dex: 15    Spells: 2/2 levels left

rFire   + . .      SeeInvis .   a - +0 shortbow
rCold   . . .      Faith    .   (shield currently unavailable)
rNeg    . . .      Spirit   .   c - +0 leather armour
rPois   .          Reflect  .   (helmet restricted)
rElec   .          Harm     .   e - +0 cloak
rCorr   .          Rampage  .   (no gloves)
Will    .....                   (no boots)
Stlth   +.........              (no amulet)
HPRegen 0.11/turn               l - ring of protection from fire
MPRegen 0.08/turn               (no ring)

@: corroded
A: horns 2, retaliatory headbutt
a: no special abilities


You were on level 3 of the Dungeon.
You visited 1 branch of the dungeon, and saw 3 of its levels.

You collected 121 gold pieces.

Inventory:

Hand Weapons
 a - a +0 shortbow (weapon)
Missiles
 s - a throwing net
Armour
 c - a +0 leather armour (worn)
 e - a +0 cloak (worn)
Jewellery
 l - a ring of protection from fire (left hand)
Scrolls
 b - a scroll of immolation
 f - a scroll of brand weapon {unknown}
 j - 2 scrolls of enchant weapon {unknown}
 k - a scroll of poison {unknown}
 m - 3 scrolls of identify {unknown}
 n - a scroll of vulnerability {unknown}
 o - 2 scrolls of fear {unknown}
 p - 2 scrolls of teleportation {unknown}
 r - 2 scrolls of enchant armour {unknown}
Potions
 d - a potion of might {unknown}
 g - a potion of resistance {unknown}
 h - a potion of curing
 i - a potion of attraction {unknown}
 q - a potion of cancellation {unknown}


   Skills:
 + Level 4.0 Fighting
 + Level 5.3 Ranged Weapons
 - Level 2.1 Dodging
 - Level 0.7 Stealth


You had 2 spell levels left.
You didn't know any spells.
Your spell library contained the following spells:

 Spells                   Type           Power      Damage    Failure   Level
 Call Canine Familiar     Summ           0%         N/A       88%         3
 Portal Projectile        Hex/Tloc       0%         N/A       88%         3
 Leda's Liquefaction      Hex/Erth       0%         N/A       99%         4


Dungeon Overview and Level Annotations

Branches:
Dungeon (3/15)

Altars:

Annotations:
D:3 Ijyb


Innate Abilities, Weirdness & Mutations

You have a pair of horns on your head.
You reflexively headbutt those who attack you in melee.


Message History

Press: ? - help, Q - select action, (/) - cycle Shift-Dir - straight line, f/p - Ijyb
Aim: Ijyb, wielding a +0 club, wearing a +2 ring mail of poison resistance and carrying a wand of acid (9) (60% to hit)
You shoot an arrow. The arrow barely misses Ijyb.
Ijyb hits you but does no damage.
Fire: a) +0 shortbow
Press: ? - help, Q - select action, (/) - cycle Shift-Dir - straight line, f/p - Ijyb
Aim: Ijyb, wielding a +0 club, wearing a +2 ring mail of poison resistance and carrying a wand of acid (9) (60% to hit)
You shoot an arrow. The arrow barely misses Ijyb.
Ijyb misses you. You furiously retaliate!
You headbutt Ijyb! Ijyb hits you with a +0 club.
Fire: a) +0 shortbow
Press: ? - help, Q - select action, (/) - cycle Shift-Dir - straight line, f/p - Ijyb
Aim: Ijyb, wielding a +0 club, wearing a +2 ring mail of poison resistance and carrying a wand of acid (9) (moderately wounded, 60% to hit)
You shoot an arrow. The arrow hits Ijyb but does no damage.
Ijyb is moderately wounded.
Ijyb hits you but does no damage.
Unknown command.
Fire: a) +0 shortbow
Press: ? - help, Q - select action, (/) - cycle Shift-Dir - straight line, f/p - Ijyb
Aim: Ijyb, wielding a +0 club, wearing a +2 ring mail of poison resistance and carrying a wand of acid (9) (moderately wounded, 60% to hit)
You shoot an arrow. The arrow closely misses Ijyb.
Ijyb zaps a wand.
The bolt of acid hits you!
* * * LOW HITPOINT WARNING * * *
The acid corrodes you!
Unknown command.
Fire: a) +0 shortbow
Press: ? - help, Q - select action, (/) - cycle Shift-Dir - straight line, f/p - Ijyb
Aim: Ijyb, wielding a +0 club, wearing a +2 ring mail of poison resistance and carrying a wand of acid (8) (moderately wounded, 60% to hit)
You shoot an arrow. The arrow closely misses Ijyb.
Ijyb closely misses you. Ijyb hits you with a +0 club.
* * * LOW HITPOINT WARNING * * *
It was a potion of curing.
You feel better. Ijyb hits you with a +0 club.
* * * LOW HITPOINT WARNING * * *
Fire: a) +0 shortbow
Press: ? - help, Q - select action, (/) - cycle Shift-Dir - straight line, f/p - Ijyb
Aim: Ijyb, wielding a +0 club, wearing a +2 ring mail of poison resistance and carrying a wand of acid (8) (moderately wounded, 60% to hit)
You shoot an arrow. The arrow hits Ijyb but does no damage.
Ijyb is moderately wounded.
Ijyb zaps a wand.
The bolt of acid hits you!
You die...

... ##.#.## ..###
##.###.## ##...# #.##
##.# ## #8.g..
##.###)## #.# #..†.
##.#.## .#8# #...##
#..## #...# #8#.#
#..#
#.⌠..###g#########..#
#..⌠.8#@............#
#...#########.##
#.#<## #(#
###.##########.#
#............#
##############


You could see Ijyb.

Vanquished Creatures
  An adder (D:2)
  2 dart slugs
  6 orcs
  6 bats (D:1)
  3 endoplasms
  3 giant cockroaches
  4 hobgoblins
  3 jackals (D:2)
  A ball python (D:2)
  3 frilled lizards
  4 goblins (D:1)
  A kobold (D:1)
  2 rats (D:2)
39 creatures vanquished.

Notes
Turn   | Place    | Note
-------+----------+-------------------------------------------
     0 | D:1      | safid the Minotaur Hunter began the quest for the Orb.
     0 | D:1      | Reached XP level 1. HP: 18/18 MP: 0/0
   278 | D:1      | Reached XP level 2. HP: 25/25 MP: 1/1
   985 | D:2      | Reached skill level 5 in Ranged Weapons
   985 | D:2      | Reached XP level 3. HP: 31/31 MP: 2/2
  1758 | D:3      | Noticed Ijyb
  1773 | D:3      | Killed from afar by Ijyb

Illustrated notes

Levels and vault maps discovered:
D:1:      beargit_arrival_diablo_church, layout_basic,
          chequers_serial_rivers_micro_e, minmay_misc_feat_five,
          kennysheep_minor_cross
D:2:      layout_basic, grunt_decor_mini_mirrors, grunt_ministairs_15
D:3:      layout_loops_ring, grunt_temple_overflow_growth_and_decay,
          shapermc_ecumenical_altar_venn, roderic_serpentine_path,
          reono_crystal_passage, uniq_ijyb

Skill      XL: |  1  2  3 |
---------------+----------+-----
Fighting       | 3 4 |  4.0
Ranged Weapons | 5 |  5.3
Dodging        | |  2.1
Stealth        | |  0.7

Action                   || total
-------------------------++-------
 Fire: Shortbow          ||   100
  Use: Potion            ||     1
Armor: Leather armour    ||    14
Dodge: Dodged            ||    23
